 Dungeon Crawl Stone Soup version 0.22.1-2-g9c5b331 (webtiles) character file.

76804 lysyklops the Tortoise (level 15, -7/141 HPs)
             Began as a Minotaur Fighter on Dec 17, 2018.
             Was the Champion of Okawaru.
             Incinerated by a smoke demon (12 damage)
             ... with a sticky flame
             ... on level 2 of the Orcish Mines.
             The game lasted 00:57:44 (21536 turns).

lysyklops the Tortoise (Minotaur Fighter)          Turns: 21536, Time: 00:57:45

Health: -7/141     AC: 25    Str: 30    XL:     15   Next: 13%
Magic:  19/20      EV: 11    Int:  5    God:    Okawaru [******]
Gold:   2281       SH:  0    Dex: 10    Spells: 14/14 levels left

rFire    x . .     SeeInvis +   a - +3 dire flail (freeze)
rCold    + + .     Gourm    .   (shield currently unavailable)
rNeg     . . .     Faith    .   e - +3 chain mail {rC+}
rPois    .         Spirit   .   W - +0 hat {MR+}
rElec    .         Reflect  .   H - +0 cloak
rCorr    .         Harm     .   u - +1 pair of gloves {Str+3}
MR       +++..                  g - +1 pair of boots {Stlth+}
Stlth    ..........             O - amulet of regeneration
HPRegen  0.73/turn              n - ring of protection from magic
MPRegen  0.17/turn              w - ring "Mifuewa" {Ice +Inv SInv}

@: liquid flames, heroism, glowing, drained
A: retaliatory headbutt, horns 2
a: Heroism, Finesse, Renounce Religion, Evoke Invisibility


You were on level 2 of the Orcish Mines.
You worshipped Okawaru.
Okawaru was exalted by your worship.
You were hungry.

You visited 3 branches of the dungeon, and saw 20 of its levels.
You also visited: Labyrinth and Volcano.

You collected 2547 gold pieces.
You spent 266 gold pieces at shops.

Inventory:

Hand Weapons
 a - a +3 dire flail of freezing (weapon)
 G - a +2 dire flail of flaming
Armour
 e - a +3 chain mail of cold resistance (worn)
 g - a +1 pair of boots of stealth (worn)
 p - a +3 ring mail of fire resistance
 u - a +1 pair of gloves of strength (worn)
 H - a +0 cloak (worn)
 Q - a +1 pair of gloves of dexterity
 W - a +0 hat of magic resistance (worn)
Jewellery
 n - a ring of protection from magic (left hand)
 s - an uncursed ring of resist corrosion
 w - the ring "Mifuewa" (right hand) {Ice +Inv SInv}
   (You found it on level 6 of the Lair of Beasts)

   [ring of ice]

   It enhances your ice magic.
   It makes you vulnerable to fire.
   It protects you from cold.
   It lets you see invisible.
   It lets you turn invisible.
 z - an uncursed ring of positive energy
 N - a +4 ring of evasion
 O - an amulet of regeneration (around neck)
Wands
 y - a wand of flame (15)
 D - a wand of digging (25)
 J - a wand of disintegration (5)
 M - a wand of iceblast (5)
 P - a wand of acid (29)
 V - a wand of paralysis (17)
Scrolls
 b - 4 scrolls of identify
 j - 5 scrolls of enchant weapon
 l - 12 scrolls of remove curse
 m - 4 scrolls of teleportation
 t - a scroll of blinking
 A - 3 scrolls of amnesia
 L - 4 scrolls of enchant armour
 S - a scroll of fog
 T - 2 scrolls of magic mapping
 X - a scroll of holy word {unknown}
Potions
 d - a potion of might
 h - 7 potions of flight
 i - a potion of berserk rage
 k - 4 potions of agility
 o - 3 potions of mutation
 q - 5 potions of curing
 r - 3 potions of heal wounds
 x - 2 potions of resistance
 E - 4 potions of magic
 K - 4 potions of brilliance
 R - a potion of haste
 Y - a potion of cancellation {unknown}
Comestibles
 f - 29 rations


   Skills:
 + Level 15.5(19.7) Fighting
 + Level 15.4(19.6) Maces & Flails
 + Level 15.5(19.8) Armour
   Level 14.8(19.1) Shields
 - Level 8.0(7.4) Invocations


You had 14 spell levels left.
You didn't know any spells.
Your spell library contained the following spells:

 Spells                   Type           Power        Failure   Level  Hunger
 Animate Skeleton         Necr           N/A          80%         1    ##.....
 Apportation              Tloc           #.....       80%         1    ##.....
 Confusing Touch          Hex            #.....       80%         1    ##.....
 Corona                   Hex            #......      80%         1    ##.....
 Magic Dart               Conj           #...         80%         1    ##.....
 Pain                     Necr           #...         80%         1    ##.....
 Summon Butterflies       Summ           #.......     80%         1    ##.....
 Summon Small Mammal      Summ           #...         80%         1    ##.....
 Call Imp                 Summ           #.......     91%         2    ###....
 Corpse Rot               Necr           N/A          91%         2    ###....
 Ensorcelled Hibernation  Hex/Ice        #.....       91%         2    ###....
 Searing Ray              Conj           #.....       91%         2    ###....
 Call Canine Familiar     Summ           #.......     99%         3    ####...
 Confuse                  Hex            #.......     99%         3    ####...
 Dazzling Spray           Conj/Hex       #.....       99%         3    ####...
 Gell's Gravitas          Tloc           #.........   99%         3    ####...
 Lesser Beckoning         Tloc           #.........   99%         3    ####...
 Regeneration             Chrm/Necr      #.........   99%         3    ####...
 Summon Guardian Golem    Hex/Summ       #.......     99%         3    ####...
 Tukima's Dance           Hex            #.......     99%         3    ####...
 Vampiric Draining        Necr           #.........   99%         3    ####...
 Animate Dead             Necr           N/A          100%        4    #####..
 Force Lance              Conj/Tloc      #.......     100%        4    #####..
 Fulminant Prism          Conj/Hex       #.........   100%        4    #####..
 Ice Form                 Ice/Tmut       #.......     100%        4    #####..
 Iskenderun's Mystic Bla  Conj           #.......     100%        4    #####..
 Petrify                  Tmut/Erth      #.......     100%        4    #####..
 Summon Ice Beast         Ice/Summ       #.......     100%        4    #####..
 Summon Lightning Spire   Summ/Air       #.......     100%        4    #####..
 Alistair's Intoxication  Tmut/Pois      #.......     100%        5    ######.
 Bolt of Draining         Conj/Necr      #.........   100%        5    ######.
 Metabolic Englaciation   Hex/Ice        #.........   100%        5    ######.
 Yara's Violent Unravell  Hex/Tmut       #.........   100%        5    ######.
 Invisibility             Hex            #.......     100%        6    #######
 Ozocubu's Refrigeration  Ice            #.........   100%        6    #######


Dungeon Overview and Level Annotations

Branches:
Dungeon (12/15)            Temple (0/1) D:7            Lair (6/6) D:9
 Shoals (0/4) Lair:4       Spider (0/4) Lair:2        Slime (0/5) Lair:6
    Orc (2/2) D:12            Elf (0/3) Orc:2

Altars:
Ashenzari
Dithmenos
Elyvilon
Fedhas
Gozag
Makhleb
Okawaru
Sif Muna
Uskayaw
Wu Jian
Xom
Zin
The Shining One

Shops:
D:5 ?   D:8 (

Annotations:
D:4 exclusion: oklob plant
Lair:1 exclusion: oklob plant
Lair:6 exclusion: 4 oklob plants


Innate Abilities, Weirdness & Mutations

You reflexively headbutt those who attack you in melee.
You have a pair of horns on your head.


Message History

The orc priest shouts!
An orc priest comes into view. It is wielding a falchion.
The orc priest shouts!
You hear a shout! x6
An orc warrior comes into view. It is wielding a war axe.
The orc priest completely misses you.
An orc sorcerer comes into view. It is wielding a dagger of distortion.
The orc wizard barely misses you.
An orc wizard comes into view. It is wielding a dagger.
Unknown command.
As you read the scroll of fear, it crumbles to dust.
You assume a fearsome visage.
The orc warrior looks frightened!
The orc wizard looks frightened!
The orc priest looks frightened!
The orc looks frightened! x2; The warg resists with some effort.
The orc knight looks frightened!
The orc sorcerer looks frightened!
The orc looks frightened!
The orc priest looks frightened!
The orc wizard looks frightened!
The orc wizard shouts!
The orc priest looks frightened! x2
You are covered in liquid flames!
You die...

#........
#........
#######........
...............
...............
..............o
............o.o
.......@..o..o.
......o........
......oo.......
........h......
...............
.........o.....
.........o.....
.....o..o......


You could see an orc knight (fleeing), a warg, an orc sorcerer (fleeing), an orc
warrior (fleeing), 4 orc priests, 2 orc wizards and 3 orcs.

Vanquished Creatures
  Gastronok (Lair:2)
  A stone giant (Orc:1)
  Nessos (Lair:4)
  A minotaur (Lab)
  5 dire elephants
  Snorg (D:12)
  An ettin (Orc:1)
  Erolcha (D:10)
  5 two-headed ogres
  5 hydras
  Erica (Lair:2)
  2 centaur warriors (D:9)
  A catoblepas (Lair:4)
  The ghost of delarado the Thaumaturge, a journeyman DEFE of Vehumet (Orc:1)
  An anaconda (Lair:6)
  11 death yaks (Lair:6)
  2 skeletal warriors (Volcano)
  An unseen horror (Lab)
  A lindwurm (Lair:6)
  An orc knight (Orc:1)
  An orc sorcerer (Orc:2)
  5 ugly things
  15 cyclopes
  15 elephants
  2 centaur zombies
  Joseph (D:7)
  9 spiny frogs
  5 black mambas
  4 gargoyles
  3 rime drakes
  9 komodo dragons
  A freezing wraith (D:9)
  A demonic crawler (Lair:2)
  3 polar bears
  3 trolls
  A hornet (D:9)
  Prince Ribbit (Lair:2)
  Grinder (D:3)
  10 blink frogs
  A snapping turtle (Lair:4)
  5 hippogriffs
  2 flying skulls (Volcano)
  2 wyverns
  3 alligator skeletons (Volcano)
  17 yaks
  A spriggan (Lair:2)
  2 basilisks
  2 hungry ghosts (D:9)
  2 vampire mosquitoes (D:12)
  4 wargs
  7 porcupines
  6 water moccasins
  An ice beast (D:8)
  27 orc warriors
  A black bear (D:11)
  2 eyes of draining
  23 wolves
  4 phantoms
  16 ogres
  7 centaurs
  7 crocodiles
  11 bullfrogs
  2 wyvern zombies
  A wyvern skeleton (D:11)
  A water moccasin skeleton (D:4)
  5 scorpions
  5 killer bees (D:12)
  A troll skeleton (Volcano)
  A howler monkey (D:6)
  12 wights
  A spriggan skeleton (Volcano)
  An electric eel (Lair:4)
  A bullfrog zombie (D:4)
  3 crimson imps
  3 jellies
  4 hounds
  14 orc priests
  27 orc wizards
  2 bullfrog skeletons
  A centaur skeleton (D:4)
  14 worker ants
  2 iguanas
  7 hell rats (Lair:6)
  A hound zombie (D:4)
  2 hound skeletons
  5 worker ant zombies
  18 adders
  4 shadow imps
  3 oozes
  2 adder zombies
  3 adder skeletons
  2 worms
  4 dart slugs
  5 leopard geckos
  91 orcs
  8 giant cockroaches
  13 goblins
  8 hobgoblins
  10 jackals
  5 quokkas
  2 ball pythons (D:1)
  7 bats
  5 frilled lizards
  2 giant cockroach zombies (D:4)
  9 kobolds
  A leopard gecko skeleton (D:5)
  2 quokka skeletons
  3 rats
  3 plants (Lair:6)
613 creatures vanquished.

Vanquished Creatures (others)
  Fannar (D:12)
  An orc (Orc:2)
  A fungus (Lair:3)
  7 plants
  11 toadstools (Lair:4)
21 creatures vanquished.

Grand Total: 634 creatures vanquished

Notes
Turn   | Place    | Note
-------+----------+-------------------------------------------
     0 | D:1      | lysyklops the Minotaur Fighter began the quest for the Orb.
     0 | D:1      | Reached XP level 1. HP: 19/19 MP: 0/0
    94 | D:1      | Reached XP level 2. HP: 25/27 MP: 1/1
   333 | D:1      | Reached XP level 3. HP: 27/33 MP: 2/2
  1359 | D:2      | Reached XP level 4. HP: 40/41 MP: 3/3
  1989 | D:3      | Reached XP level 5. HP: 46/47 MP: 4/4
  2177 | D:3      | Noticed Grinder
  2177 | D:3      | Paralysed by Grinder for 4 turns
  2194 | D:3      | Killed Grinder
  2194 | D:3      | Reached skill level 5 in Fighting
  2194 | D:3      | Reached skill level 5 in Armour
  2194 | D:3      | Reached skill level 5 in Shields
  2194 | D:3      | Reached XP level 6. HP: 21/56 MP: 5/5
  2620 | D:3      | Found a shattered altar of Ashenzari.
  2687 | D:4      | Found a hide-covered altar of Uskayaw.
  2791 | D:4      | Reached skill level 5 in Maces & Flails
  2794 | D:4      | Reached XP level 7. HP: 17/62 MP: 6/6
  3405 | D:4      | Found a blossoming altar of Fedhas.
  3432 | D:4      | Noticed an oklob plant
  3724 | D:5      | Entered Level 5 of the Dungeon
  3724 | D:5      | Found an iron altar of Okawaru.
  3731 | D:5      | Became a worshipper of Warmaster Okawaru
  3837 | D:5      | Found a deep blue altar of Sif Muna.
  4140 | D:5      | Found Digeo's Magic Scroll Emporium.
  4145 | D:5      | Bought a scroll of remove curse for 42 gold pieces
  4145 | D:5      | Bought a scroll of amnesia for 49 gold pieces
  4145 | D:5      | Bought a scroll of enchant armour for 105 gold pieces
  4145 | D:5      | Bought 3 scrolls of noise for 42 gold pieces
  4145 | D:5      | Bought a scroll of identify for 28 gold pieces
  4184 | D:5      | Found a shadowy altar of Dithmenos.
  4299 | D:6      | Reached XP level 8. HP: 71/71 MP: 7/7
  4317 | D:6      | Reached * piety under Okawaru
  5409 | D:7      | Reached ** piety under Okawaru
  5421 | D:7      | Reached XP level 9. HP: 67/81 MP: 8/8
  5440 | D:7      | Noticed Joseph
  5459 | D:7      | Killed Joseph
  6220 | D:7      | Found a staircase to the Ecumenical Temple.
  6333 | D:8      | Reached skill level 1 in Invocations
  6342 | D:8      | Noticed a gargoyle
  6355 | D:8      | Killed a gargoyle
  6473 | D:8      | Found a glowing golden altar of the Shining One.
  6477 | D:8      | Found an iron altar of Okawaru.
  6487 | D:8      | Found a glowing silver altar of Zin.
  6489 | D:8      | Found an ornate altar of the Wu Jian Council.
  6490 | D:8      | Found a shimmering altar of Xom.
  6643 | D:8      | Found Joimourr's Weapon Boutique.
  6886 | D:8      | Noticed a red ugly thing
  6899 | D:8      | Killed a red ugly thing
  6899 | D:8      | Reached *** piety under Okawaru
  6899 | D:8      | Reached XP level 10. HP: 5/91 MP: 7/11
  7417 | D:9      | Paralysed by a hornet for 2 turns
  7436 | D:9      | Noticed a centaur warrior
  7451 | D:9      | Killed a centaur warrior
  7457 | D:9      | Reached **** piety under Okawaru
  7745 | D:9      | Noticed a centaur warrior
  7762 | D:9      | Killed a centaur warrior
  7762 | D:9      | Reached skill level 10 in Fighting
  7762 | D:9      | Reached skill level 10 in Armour
  7762 | D:9      | Reached skill level 10 in Shields
  8055 | D:9      | Found a staircase to the Lair.
  8057 | D:9      | Found a white marble altar of Elyvilon.
  8087 | D:9      | Found a burning altar of Makhleb.
  8174 | D:9      | Paralysed by fainting for 8 turns
  8184 | D:9      | Reached ***** piety under Okawaru
  8184 | D:9      | Reached skill level 5 in Invocations
  8221 | D:9      | Reached skill level 10 in Maces & Flails
  8405 | Lair:1   | Entered Level 1 of the Lair of Beasts
  8434 | Lair:1   | Reached XP level 11. HP: 100/100 MP: 13/13
  9047 | Lair:1   | Noticed an oklob plant
  9221 | Lair:2   | Noticed Gastronok
  9244 | Lair:2   | Killed Gastronok
  9244 | Lair:2   | Received a gift from Okawaru
  9298 | Lair:2   | Noticed Prince Ribbit
  9326 | Lair:2   | Killed Prince Ribbit
  9408 | Lair:2   | Noticed Erica
  9428 | Lair:2   | Killed Erica
  9428 | Lair:2   | Received a gift from Okawaru
  9784 | Lair:2   | Found a hole to the Spider Nest.
 10499 | Lair:3   | Reached XP level 12. HP: 105/110 MP: 13/16
 10525 | Lair:3   | Noticed an eight-headed hydra
 10573 | Lair:3   | Killed an eight-headed hydra
 10584 | Lair:3   | Received a gift from Okawaru
 10613 | Lair:3   | Found a dark tunnel.
 10718 | Volcano  | Entered a volcano
 10833 | Volcano  | Reached ****** piety under Okawaru
 12505 | Lair:4   | Found a staircase to the Shoals.
 12685 | Lair:4   | Noticed Nessos
 12693 | Lair:4   | Killed Nessos
 13097 | Lair:4   | Found a runed door.
 13135 | Lair:4   | Noticed a catoblepas
 13135 | Lair:4   | Noticed a dire elephant
 13155 | Lair:4   | Killed a catoblepas
 13155 | Lair:4   | Reached XP level 13. HP: 47/119 MP: 11/18
 13165 | Lair:4   | Killed a dire elephant
 13475 | Lair:4   | Received a gift from Okawaru
 13478 | Lair:4   | Got a dazzling chain mail {god gift}
 13489 | Lair:4   | Identified the +1 chain mail of Space {*Slow +Inv Regen+
                  | Str-5} (Okawaru gifted it to you on level 4 of the Lair of
                  | Beasts)
 14394 | Lair:6   | Entered Level 6 of the Lair of Beasts
 14461 | Lair:6   | Found a labyrinth entrance.
 14539 | Lair:6   | Received a gift from Okawaru
 14597 | Lab      | Entered a labyrinth
 15043 | Lab      | Noticed a minotaur
 15063 | Lab      | Killed a minotaur
 15066 | Lab      | Identified Oduffary's Volume of Enchantment
 15093 | Lab      | Identified the Collected Works on Congealing Unholy Arts
 15473 | Lair:6   | Reached XP level 14. HP: 99/130 MP: 16/19
 16178 | Lair:6   | Found a staircase to the Slime Pits.
 16570 | Lair:6   | Got a heavily runed iron ring
 17025 | D:10     | Entered Level 10 of the Dungeon
 17064 | D:10     | Noticed Erolcha
 17070 | D:10     | Killed Erolcha
 17070 | D:10     | Received a gift from Okawaru
 18510 | D:11     | Identified the ring "Mifuewa" {Ice +Inv SInv} (You found it
                  | on level 6 of the Lair of Beasts)
 18780 | D:12     | Noticed Snorg
 18787 | D:12     | Killed Snorg
 19048 | D:12     | Noticed Fannar
 19060 | D:12     | Killed Fannar
 19183 | D:12     | Found a staircase to the Orcish Mines.
 19444 | Orc:1    | Entered Level 1 of the Orcish Mines
 19632 | Orc:1    | Reached skill level 15 in Armour
 19762 | Orc:1    | Found a runed gate.
 19764 | Orc:1    | Found a runed gate.
 19764 | Orc:1    | Found an opulent altar of Gozag.
 19764 | Orc:1    | Found a runed gate.
 19766 | Orc:1    | Noticed delarado's ghost (journeyman DEFE)
 19863 | Orc:1    | Killed delarado's ghost
 19863 | Orc:1    | Reached skill level 15 in Fighting
 20090 | Orc:1    | Reached skill level 15 in Maces & Flails
 20473 | Orc:1    | Noticed a stone giant
 20479 | Orc:1    | Received a gift from Okawaru
 20526 | Orc:1    | HP: 3/135 [orc warrior/mace[an orc knight] (5)]
 20540 | Orc:1    | Killed a stone giant
 20540 | Orc:1    | Reached XP level 15. HP: 73/141 MP: 12/20
 20743 | Orc:1    | Found the +2 Maxwell's thermic engine {flame, freeze}
 20889 | Orc:2    | Entered Level 2 of the Orcish Mines
 21467 | Orc:2    | Found a staircase to the Elven Halls.
 21535 | Orc:2    | HP: 5/141 [burnt (6)]
 21536 | Orc:2    | Incinerated by a smoke demon

Skill      XL: |  1  2  3  4  5  6  7  8  9 10 11 12 13 14 |
---------------+-------------------------------------------+-----
Fighting       | 4 5 6 7 9 10 11 12 13 15 | 15.5
Armour         | 4 5 6 7 9 10 11 12 13 15 | 15.5
Shields        | 4 5 6 7 9 10 11 12 14 | 14.8
Maces & Flails | 3 4 5 6 7 8 10 11 12 13 15 | 15.4
Invocations    | 3 5 6 8 |  8.0

Action                   |  1- 3 |  4- 6 |  7- 9 | 10-12 | 13-15 || total
-------------------------+-------+-------+-------+-------+-------++-------
Melee: Flail             |   108 |   110 |   355 |   533 |       ||  1106
       Headbutt          |    11 |    24 |    83 |   168 |   234 ||   520
       Dire flail        |       |       |       |   110 |   881 ||   991
Invok: Heroism           |       |       |     3 |    16 |    10 ||    29
       Finesse           |       |       |       |     3 |     5 ||     8
  Use: Scroll            |       |       |    10 |     9 |     6 ||    25
       Potion            |       |       |       |     1 |     8 ||     9
  Eat: Chunk             |     2 |     3 |     7 |    12 |    20 ||    44
       Ration            |       |       |     2 |     4 |     2 ||     8
Armor: Scale mail        |    77 |    42 |    87 |       |       ||   206
       Plate armour      |       |       |    17 |   215 |       ||   232
       Ring mail         |       |       |       |    42 |    75 ||   117
       Chain mail        |       |       |       |       |   233 ||   233
Dodge: Dodged            |    46 |    18 |    96 |   241 |   379 ||   780
Block: Shield            |    74 |    53 |   208 |   380 |       ||   715
